 Dungeon Crawl Stone Soup version 0.21-a0-221-gfe971b9 (webtiles) character file.

208 tehllama the Insei (level 5, -7/33 HPs)
             Began as an Octopode Transmuter on Aug 27, 2017.
             Mangled by an ice beast (10 damage)
             ... summoned by fish's ghost
             ... on level 4 of the Dungeon.
             The game lasted 00:06:56 (3682 turns).

tehllama the Insei (Octopode Transmuter)            Turns: 3682, Time: 00:06:57

Health: -7/33      AC:  1    Str: 10    XL:     5   Next: 86%
Magic:  6/8        EV: 14    Int: 15    God:
Gold:   183        SH:  0    Dex: 16    Spells: 2/8 levels left

rFire    . . .     SeeInvis .     - Unarmed
rCold    . . .     Gourm    .   (no shield)
rNeg     . . .     Faith    .   g - +0 hat
rPois    .         Spirit   .   (no amulet)
rElec    .         Reflect  .   l - +3 ring of dexterity
rCorr    .         Harm     .   (no ring)
MR       .....                  (no ring)
Stlth    ++++......             (no ring)
HPRegen  0.11/turn              (no ring)
MPRegen  0.11/turn              (no ring)
                                (no ring)
                                (no ring)

@: no status effects
A: almost no armour, stealthy swim, amphibious, 8 rings, constrict 8, camouflage
1, gelatinous body 1
a: no special abilities


You were on level 4 of the Dungeon.
You were not hungry.

You visited 1 branch of the dungeon, and saw 4 of its levels.

You collected 183 gold pieces.

Inventory:

Missiles
 a - 29 arrows
Armour
 g - a +0 hat (worn)
Jewellery
 l - a +3 ring of dexterity (left tentacle)
Scrolls
 d - 2 scrolls of fog
 e - a scroll of remove curse
 h - a scroll of teleportation
 i - a scroll of enchant weapon {unknown}
 o - a scroll of recharging {unknown}
Potions
 f - 2 potions of agility
 m - a potion of lignification {unknown}
Books
 b - a book of Changes

   Spells                             Type                      Level
   a - Beastly Appendage              Transmutation                1
   b - Sticks to Snakes               Transmutation                2
   c - Spider Form                    Transmutation/Poison         3
   d - Ice Form                       Ice/Transmutation            4
   e - Blade Hands                    Transmutation                5
Comestibles
 c - 4 bread rations
 p - a royal jelly
 q - 3 fruits


   Skills:
 - Level 1.0 Fighting
 - Level 2.0 Dodging
 + Level 4.5 Stealth
 + Level 5.3 Unarmed Combat
 - Level 2.0 Spellcasting
 - Level 2.0 Transmutations


You had 2 spell levels left.
You knew the following spells:

 Your Spells              Type           Power        Failure   Level  Hunger
a - Beastly Appendage     Tmut           #.....       10%         1    #......
b - Sticks to Snakes      Tmut           #.......     14%         2    ###....
c - Spider Form           Tmut/Pois      #.........   41%         3    ###....


Dungeon Overview and Level Annotations

Branches:
Dungeon (4/15)
 Temple: D:4-7

Altars:

Shops:
D:4 *:[

Annotations:
D:3 Adurus's ghost, amateur TrMo
D:4 fish's ghost, amateur NaIE


Innate Abilities, Weirdness & Mutations

You cannot wear most types of armour.
You are very stealthy in the water. (Stealth+)
You are amphibious.
You can wear up to eight rings at the same time.
You can use your tentacles to constrict eight enemies at once.
Your skin changes colour to match your surroundings (Stealth+).
Your rubbery body absorbs attacks. (AC +1, EV +1)


Message History

Casting: Spider Form
Confirm with . or Enter, or press ? or * to list all spells.
You turn into a venomous arachnid creature.
Your +0 hat melds into your body.
The ice beast closely misses you. The ice beast completely misses you.
Your transformation is almost over.
There is an entrance to Ozalen's General Store here.
Fish's ghost points at you and mumbles some strange words.
The shard of ice misses you.
Fish's ghost mumbles some strange words.
The ice beast misses you. The ice beast misses you.
Your transformation has ended.
Your +0 hat unmelds from your body.
You open the door. The ice beast hits you. The ice beast freezes you!
* * * LOW HITPOINT WARNING * * *
The ice beast hits you.
* * * LOW HITPOINT WARNING * * *
The ice beast freezes you!
You die...

......##+#'##.........
......$.......#.......
#####.........#.......
#.........#..
#...∩.........
#........##..∩
+........# .#.
######.Y....?.## #
+....'@YW......#
###..#....?..### #.
######### #


You could see 2 ice beasts and fish's ghost.

Vanquished Creatures
  Natasha (thrice) (D:3)
  A howler monkey skeleton (D:4)
  3 adders
  5 oozes
  2 dart slugs
  2 leopard geckos
  4 orcs
  11 bats
  2 giant cockroaches
  6 goblins
  10 hobgoblins
  2 jackals (D:3)
  3 kobolds
  2 quokkas (D:3)
  A ball python (D:2)
  2 frilled lizards
  6 rats
65 creatures vanquished.

Notes
Turn   | Place    | Note
-------+----------+-------------------------------------------
     0 | D:1      | tehllama the Octopode Transmuter began the quest for the Orb.
     0 | D:1      | Reached XP level 1. HP: 13/13 MP: 3/3
   119 | D:1      | Reached XP level 2. HP: 13/18 MP: 5/5
   301 | D:1      | Reached skill level 4 in Unarmed Combat
   350 | D:1      | Reached XP level 3. HP: 13/23 MP: 6/6
   361 | D:1      | Learned a level 2 spell: Sticks to Snakes
   365 | D:1      | Learned a level 3 spell: Spider Form
   990 | D:1      | Reached skill level 1 in Stealth
  1097 | D:2      | Reached XP level 4. HP: 8/28 MP: 7/7
  2031 | D:3      | Noticed Natasha
  2041 | D:3      | Killed Natasha
  2256 | D:3      | Noticed Adurus's ghost (amateur TrMo)
  2369 | D:2      | Reached XP level 5. HP: 20/33 MP: 8/8
  2738 | D:3      | Found a faded altar of an unknown god.
  2800 | D:3      | Reached skill level 5 in Unarmed Combat
  3342 | D:3      | Noticed Natasha
  3348 | D:3      | Killed Natasha
  3420 | D:3      | Noticed Natasha
  3429 | D:3      | Killed Natasha
  3567 | D:4      | Noticed fish's ghost (amateur NaIE)
  3613 | D:4      | Found Xuinioxt's Book Emporium.
  3657 | D:4      | Found Ozalen's General Store.
  3659 | D:4      | Found Quemepn's Antique Armour Shop.
  3661 | D:4      | Noticed an ice beast
  3678 | D:4      | Noticed an ice beast
  3682 | D:4      | Mangled by an ice beast

Vault maps used:
D:1:      lemuel_arrival_behind_the_door_small
D:3:      chequers_ecumenical_altar_twisty, uniq_natasha
D:4:      kennysheep_mini_moat, serial_shops, shop,
          nicolae_shop_window_shopping, shop, shop,
          nicolae_ossuary_entry_monument

Skill      XL: |  1  2  3  4  5 |
---------------+----------------+-----
Unarmed Combat | 4 5 |  5.3
Stealth        | 2 3 4 |  4.5
Fighting       | |  1.0
Dodging        | |  2.0
Spellcasting   | |  2.0
Transmutations | |  2.0

Action                   |  1- 3 |  4- 6 || total
-------------------------+-------+-------++-------
Melee: Unarmed           |    82 |    81 ||   163
       Constrict         |    21 |    16 ||    37
       Tentacles         |    10 |    15 ||    25
       Punch             |     2 |     1 ||     3
 Cast: Spider Form       |       |     4 ||     4
       Sticks to Snakes  |       |     4 ||     4
  Use: Scroll            |     6 |     3 ||     9
       Potion            |       |     1 ||     1
 Stab: Sleeping          |     5 |     9 ||    14
       Distracted        |       |     1 ||     1
  Eat: Chunk             |     1 |     8 ||     9
Armor: Skin              |    11 |     7 ||    18
Dodge: Dodged            |    49 |    49 ||    98

Table legend:
 A = Spawn XP
 B = Non-spawn XP
 C = Spawn XP percentage of total XP
 D = Spawn monster count
 E = Non-spawn monster count
 F = Spawn count percentage of total count
 G = Total turns spent on level
                    A         B        C        D         E        F      G
               +---------+---------+-------+---------+---------+-------+---------
         Total |      51 |     247 |  17.1 |      12 |      53 |  18.5 |  3682
               +---------+---------+-------+---------+---------+-------+---------
           D:1 |      23 |      39 |  37.1 |       3 |      17 |  15.0 |   995
           D:2 |       7 |      53 |  11.7 |       4 |      15 |  21.1 |  1465
           D:3 |      21 |     138 |  13.2 |       5 |      19 |  20.8 |  1101
           D:4 |       0 |      17 |   0.0 |       0 |       2 |   0.0 |   121
               +---------+---------+-------+---------+---------+-------+---------
